 Dungeon Crawl Stone Soup version 0.30-a0-777-ga9a30cbeda (webtiles) character file.

Game seed: 11908313917794761295

129 browni3141 the Stinger (level 5, 0/37 HPs)
             Began as a Human Venom Mage on Feb 15, 2023.
             Slain by a goblin
             ... wielding a +0 club
             ... led by Robin
              (3 damage)
             ... on level 3 of the Dungeon.
             The game lasted 00:06:51 (2705 turns).

browni3141 the Stinger (Human Venom Mage)           Turns: 2705, Time: 00:06:52

Health: 0/37       AC:  2    Str:  9    XL:     5   Next: 35%
Magic:  8/8        EV: 12    Int: 17    God:
Gold:   64         SH:  0    Dex: 13    Spells: 2/8 levels left

rFire   + + .      SeeInvis .    c - staff of fire
rCold   . . .      Faith    .    (no shield)
rNeg    . . .      Spirit   .    a - +0 robe
rPois   .          Reflect  .    (no helmet)
rElec   .          Harm     .    (no cloak)
rCorr   .          Rampage  .    (no gloves)
Will    .....                    (no boots)
Stlth   ++                       (no amulet)
HPRegen 0.26/turn                q - ring of protection from fire
MPRegen 0.11/turn                (no ring)

@: no status effects
A: no striking features
a: no special abilities


You were on level 3 of the Dungeon.
You visited 1 branch of the dungeon, and saw 4 of its levels.

You collected 124 gold pieces.
You spent 60 gold pieces at shops.

Inventory:

Armour
 a - a +0 robe (worn)
Magical Staves
 c - a staff of fire (weapon)
Jewellery
 q - a ring of protection from fire (left hand)
Wands
 l - a wand of flame (7)
Scrolls
 e - a scroll of noise {unknown}
 h - 2 scrolls of identify {unknown}
 i - 2 scrolls of silence {unknown}
 j - a scroll of acquirement {unknown}
 m - 3 scrolls of enchant armour {unknown}
 o - 2 scrolls of amnesia {unknown}
 p - a scroll of teleportation {unknown}
Potions
 b - a potion of magic
 d - a potion of berserk rage {unknown}
 f - a potion of attraction {unknown}
 g - 3 potions of curing {unknown}
 n - a potion of degeneration {unknown}


   Skills:
 + Level 1.2 Fighting
 - Level 2.0 Dodging
 - Level 2.0 Stealth
 * Level 2.4 Spellcasting
 * Level 1.1 Conjurations
 - Level 1.0 Transmutations
 * Level 1.1 Air Magic
 * Level 4.7 Poison Magic


You had 2 spell levels left.
You knew the following spells:

 Your Spells              Type           Power      Damage    Failure   Level
a - Sting                 Tmut/Pois      44%        1d5       6%          1
b - Poisonous Vapours     Pois/Air       24%        N/A       9%          2
c - Mephitic Cloud        Conj/Pois/Air  9%         N/A       22%         3

Your spell library contained the following spells:

 Spells                   Type           Power      Damage    Failure   Level
 Summon Small Mammal      Summ           8%         N/A       19%         1
 Olgreb's Toxic Radiance  Pois           18%        N/A       26%         4
 Call Canine Familiar     Summ           2%         N/A       50%         3
 Ozocubu's Armour         Ice            2%         N/A       50%         3
 Summon Guardian Golem    Hex/Summ       2%         N/A       50%         3
 Manifold Assault         Tloc           2%         N/A       88%         4
 Dispersal                Tloc           1%         N/A       100%        6
 Ozocubu's Refrigeration  Ice            1%         4d7       100%        7
 Disjunction              Tloc           1%         N/A       100%        8


Dungeon Overview and Level Annotations

Branches:
Dungeon (4/15)
 Temple: D:4-7

Altars:

Shops:
D:1 *

Portals:
Sewer: D:3

Annotations:
D:3 Robin


Message History

The goblin misses you.
A hobgoblin comes into view.
The goblin shouts!
The hobgoblin shouts!
Robin throws the goblin at you! The goblin hits you with a +0 club.
There is a stone staircase leading down, spattered with blood here.
The goblin closely misses you. Robin barely misses you. The goblin misses you.
You climb downwards.
The iguana hisses angrily.
Found a flail and 8 gold pieces.
Found a stone staircase leading down.
There is a stone staircase leading up here.
The goblin barely misses you. Robin hits you with a +0 falchion.
The goblin hits you with a +0 club.
You climb upwards.
You hear the sound of rushing water.
There is an entrance to a sewer on this level.
Hurry and find it before the portal rusts away!
The hobgoblin closely misses you. The hobgoblin hits you!
* * * LOW HITPOINT WARNING * * *
The goblin hits you but does no damage.
There is a stone staircase leading down, spattered with blood here.
You feel much better. The goblin barely misses you.
Robin throws the goblin at you! The goblin hits you with a +0 club.
The hobgoblin hits you. The goblin hits you with a +0 dagger.
The goblin attacks as you move away! The goblin hits you but does no damage.
The goblin hits you with a +0 club.
* * * LOW HITPOINT WARNING * * *
The hobgoblin misses you. Robin throws the goblin at you!
The goblin hits you with a +0 dagger.
* * * LOW HITPOINT WARNING * * *
Unknown command.
The goblin no longer looks unusually strong.
The goblin hits you with a +0 club.
* * * LOW HITPOINT WARNING * * *
The goblin hits you with a +0 dagger.
* * * LOW HITPOINT WARNING * * *
The goblin attacks as you move away! The goblin hits you but does no damage.
The goblin attacks as you move away! The goblin closely misses you.
Robin throws the goblin at you!
* * * LOW HITPOINT WARNING * * *
The goblin hits you with a +0 club.
You die...

# ####.#######
####....>.....##.# #
#..........###.##..##..###.##.#
# #.##.#####.........##..#
#.##.# ###.##.#
###......###..###.##.# .......#
##...#......)).....# ###.####
##.###########.#### #.# #.# #.#
#.# #g# #.# #.# ##@## #g# #..
######ggg## #.. ##.
#........g## #.#. .
#.######...## ..##. #r~
#g>.g#### g$# #. #~~~
#....g....


ggg . .#~∩~~#....####.g.#. .#r~~~'...## .#r~~~#..## You could see Robin, 2
hobgoblins and 5 goblins.

Vanquished Creatures
  3 gnolls (D:2)
  4 adders (D:2)
  3 dart slugs
  A bat (D:2)
  7 endoplasms
  4 giant cockroaches
  5 goblins
  4 hobgoblins
  3 jackals (D:1)
  4 kobolds
  3 quokkas
  4 ball pythons
  6 frilled lizards
  6 rats
57 creatures vanquished.

Notes
Turn   | Place    | Note
-------+----------+-------------------------------------------
     0 | D:1      | browni3141 the Human Venom Mage began the quest for the
                  | Orb.
     0 | D:1      | Reached XP level 1. HP: 13/13 MP: 3/3
    57 | D:1      | Reached skill level 1 in Fighting
   181 | D:1      | Reached XP level 2. HP: 21/21 MP: 0/5
   275 | D:1      | Learned a level 2 spell: Poisonous Vapours
   523 | D:1      | Reached XP level 3. HP: 26/26 MP: 3/6
   770 | D:1      | Reached skill level 4 in Poison Magic
  1034 | D:1      | Found Rarrel's General Store.
  1045 | D:1      | Bought a potion of heal wounds for 60 gold pieces
  1668 | D:2      | Reached XP level 4. HP: 30/32 MP: 2/7
  1740 | D:2      | Learned a level 3 spell: Mephitic Cloud
  2321 | D:2      | Reached XP level 5. HP: 37/37 MP: 1/8
  2426 | D:2      | Reached skill level 1 in Air Magic
  2534 | D:2      | Reached skill level 1 in Conjurations
  2663 | D:3      | Noticed Robin
  2692 | D:3      | Found a glowing drain.
  2705 | D:3      | Slain by a goblin

Illustrated notes

Levels and vault maps discovered:
D:1:      amcnicky_arrival_abandoned_market, layout_loops_ring, serial_shops,
          shop
D:2:      layout_loops_ring
D:3:      layout_loops_corners, serial_rivers, chequers_serial_rivers_marsh,
          chequers_serial_rivers_small_b, chequers_serial_rivers_small_a,
          chequers_serial_rivers_large_b, portal_sewer_entry_c, serial_shops,
          shop, shop, nicolae_shop_behind_doors, shop, uniq_robin
D:4:      layout_layer_cave, minmay_temple_entry_ruins, st_stairs_1,
          kennysheep_orc_chapel, uniq_sigmund, uniq_eustachio

Skill      XL: |  1  2  3  4  5 |
---------------+----------------+-----
Fighting       | 1 |  1.2
Poison Magic   | 4 |  4.7
Air Magic      | 1 |  1.1
Conjurations   | 1 |  1.1
Dodging        | |  2.0
Stealth        | |  2.0
Spellcasting   | |  2.4
Transmutations | |  1.0

Action                     |  1- 3 |  4- 6 || total
---------------------------+-------+-------++-------
  Melee: Staff             |    21 |     4 ||    25
   Cast: Sting             |    65 |    29 ||    94
         Poisonous Vapours |     3 |    11 ||    14
    Use: Potion            |       |     1 ||     1
 Armour: Robe              |     8 |     7 ||    15
  Dodge: Dodged            |    29 |    16 ||    45

Table legend: (Time is in decaauts)
 A = Elapsed time spent in this place.
 B = Non-inter-level travel time spent in this place.
 C = Inter-level travel time spent in this place.
 D = Time resting spent in this place.
 E = Time spent auto-exploring this place.
 F = Levels seen in this place.
 G = Mean time per level.
                   A        B        C        D        E       F      G
               +--------+--------+--------+--------+--------+-----+--------+
         Total |   2708 |   2698 |     10 |    135 |   2061 |   4 |  677.0 |
       Dungeon |   2708 |   2698 |     10 |    135 |   2061 |   4 |  677.0 |
               +--------+--------+--------+--------+--------+-----+--------+

Top non-repeatable levels by time:
     D:2: 1363 daAuts
     D:1: 1230 daAuts
     D:3: 113 daAuts
     D:4: 1 daAuts
